Map: Dead of Night

Players

NamroodTuo

  • Race: Terran Terran

Chaves

  • Race: Zerg Zerg
  • Spawn Location: 0:00

VOD

Have the link to the VOD?

Description

Time

  • Played on: June 5, 2023, 10:06 a.m.
  • Length: 24:35
Show
View Real Time Build Order
Export as new Build Order

NamroodTuo Terran 

Build Orders:  

Get SALT Encoding   

  12  0:04  SCV  
  13  0:21  SCV  
  14  0:38  SCV  
  15  0:43  Engineering Bay  
  15  0:55  SCV  
  15  0:58  Refinery  
  16  1:11  SCV  
  17  1:22  Refinery  
  17  1:28  SCV  
  18  1:42  Refinery  
  18  1:45  SCV  
  19  2:00  Auto-Turret  
  19  2:02  SCV  
  20  2:19  SCV  
  21  2:36  SCV, Outlaw Weapons Level 1  
  22  2:46  Engineering Bay  
  22  2:53  SCV  
  23  3:01  Tychus  
  23  3:10  SCV  
  24  3:26  Auto-Turret  
  24  3:27  SCV  
  25  3:34  Outlaw Life and Armor Level 1  
  25  3:47  SCV  
  26  4:17  Auto-Turret  
  26  4:19  SCV  
  27  4:42  SCV  
  28  4:51  Gunslingers Hideout  
  28  4:55  Auto-Turret  
  28  5:01  SCV  
  28  5:09  Outlaw Weapons Level 2  
  29  5:21  SCV  
  30  5:51  SCV  
  30  5:57  Auto-Turret  
  31  6:08  SCV  
  32  6:13  Outlaw Life and Armor Level 2  
  32  6:25  SCV  
  33  6:44  Auto-Turret  
  33  6:55  SCV  
  34  7:10  Auto-Turret  
  34  7:13  James Sirius Sykes  
  44  7:34  Outlaw Weapons Level 3  
  44  8:33  ITC-E Triggers  
  44  8:56  SCV  
  45  9:06  Fixers Safehouse  
  45  9:13  SCV  
  46  9:20  Kel-Morian Ripper Rounds  
  46  10:03  Outlaw Life and Armor Level 3  
  46  10:08  Vega  
  56  10:14  Flashforce GDM Visor  
  56  10:16  SCV  
  57  10:33  SCV  
  58  10:50  SCV  
  59  11:07  SCV  
  60  11:24  SCV  
  61  11:31  Auto-Turret  
  61  11:37  Auto-Turret  
  61  11:41  SCV  
  62  11:58  Auto-Turret, SCV  
  63  12:04  Auto-Turret  
  63  12:15  SCV  
  64  12:25  Auto-Turret  
  64  12:52  Auto-Turret  
  64  12:54  Vanadium Shell  
  64  12:55  KD9a Implosion Core  
  64  13:10  Auto-Turret  
  64  13:18  Auto-Turret  
  64  13:37  Auto-Turret  
  64  14:04  Auto-Turret  
  64  14:22  Crooked Sam  
  73  14:43  Medivac Platform  
  73  17:31  Lt Layna Nikara  
  83  18:38  Auto-Turret  
  83  18:45  Auto-Turret  
  83  19:13  Auto-Turret  
  83  19:44  Auto-Turret  
  83  20:08  Auto-Turret  
  83  20:22  Psi Projector, Procyon Twin Heal Beam Gauntlet  
  83  20:23  Procyon Serum, Neural Disruption Device  
  83  20:24  Moebius Psionic Motivator  
  83  20:25  Umojan Repair Nanites  
  83  20:28  Procyon Shade Suit  
  83  20:37  Auto-Turret  
  83  20:44  Auto-Turret  
  83  21:11  Auto-Turret  
  83  21:18  SA-55 Thunderbolt Missiles  
  83  21:49  Auto-Turret  
  82  22:07  Auto-Turret  
Show
View Real Time Build Order
Export as new Build Order

Chaves Zerg 

Build Orders:  

Get SALT Encoding   

  12  0:06  Drone  
  13  0:51  Spawning Pool  
  13  0:56  Extractor, Evolution Chamber  
  13  0:57  Overlord  
  10  1:03  Drone  
  11  1:16  Drone  
  11  1:17  Drone  
  13  1:38  Extractor  
  12  1:57  Drone x4  
  14  2:10  Drone x2  
  18  2:27  Drone  
  19  2:33  Heroic Fortitude  
  19  3:02  Lair  
  19  3:20  Spine Crawler x2  
  17  3:31  Drone, Spine Crawler  
  17  3:50  Extractor  
  16  4:13  Chain Reaction  
  16  4:16  Queen  
  18  4:44  Drone x3  
  18  4:48  Drone  
  22  5:28  Spire, Drone  
  22  5:51  Hive  
  22  6:40  Overlord x3  
  22  6:44  Overlord  
  22  7:21  Mutalisk x2  
  26  8:09  Queen  
  28  8:27  Drone  
  28  8:28  Drone  
  30  8:30  Drone  
  31  8:59  Queen  
  33  9:31  Overseer  
  33  9:48  Unknown  
  33  10:08  Mutalisk  
  33  10:09  Mutalisk x5  
  45  12:04  Mutalisk  
  45  12:05  Mutalisk x3  
  53  12:47  Unknown, Rapid Regeneration  
  53  14:13  Overlord  
  53  14:14  Overlord x5  
  37  14:46  Mutalisk x2  
  39  16:16  Mutalisk  
  39  16:17  Mutalisk x5  
  43  19:19  Queen  
  45  19:22  Mutalisk x8  
  45  19:23  Mutalisk x5  
  69  19:42  Mutalisk  
  57  20:09  Queen  
  53  20:29  Drone x3  
  56  20:59  Queen  
  58  21:49  Queen  
  59  22:39  Queen  
  61  23:01  Drone x2  
  61  23:02  Drone x4  
Tags
 
Matchup
Co-op
Replay Pack
Multiplayer
Add a new tag
Caveats
  • Supply blocks, unpowered buildings, or Contaminate may cause inaccurate times.
  • Supply counts are checked every 10 seconds.